 Dungeon Crawl Stone Soup version 0.15.2 (webtiles) character file.

2 glosham the Exhumer (level 1, -2/16 HPs)
             Began as a Mummy Death Knight on Apr 2, 2018.
             Was a Follower of Yredelemnul.
             Slain by a worker ant (4 damage)
             ... on Level 4 of the Dungeon.
             The game lasted 00:01:39 (129 turns).

glosham the Exhumer (Mummy Death Knight)             Turns: 129, Time: 00:01:39

HP  -2/16        AC  3     Str 16      XL: 1   Next: 33%
MP   1/1         EV 10     Int 10      God: Yredelemnul [*.....]
Gold 22          SH  0     Dex 11      Spells:  0 memorised,  0 levels left

rFire  x . .     SeeInvis .     a - +1 mace
rCold  + . .     Clarity  .     b - +0 leather armour
rNeg   + + +     rCorr    .     (no shield)
rPois  +         rRot     +     (no helmet)
rElec  .         Spirit   .     (no cloak)
SustAb .         Warding  .     (no gloves)
rMut   .         Stasis   .     (no boots)
Gourm  .                        (no amulet)
MR     .....                    (no ring)
                                (no ring)

@: not resistant to hostile enchantments, very unstealthy
A: no food or potions, fire vulnerability, restore body, cold resistance 1,
negative energy resistance 3, poison resistance, torment resistance, unbreathing
a: Animate Remains, Renounce Religion


You were on level 4 of the Dungeon.
You worshipped Yredelemnul.
Yredelemnul was aware of your devotion.
You were not hungry.

You visited 1 branch of the dungeon, and saw 4 of its levels.

You collected 22 gold pieces.

Inventory:

Hand weapons
 a - a +1 mace (weapon)
 c - a +0 club
Missiles
 d - 16 arrows
Armour
 b - a +0 leather armour (worn)
 f - a +0 robe


   Skills:
 * Level 2.2 Fighting
 - Level 1.5 Maces & Flails
 - Level 0.7 Armour
 - Level 0.7 Dodging
 - Level 2.4 Invocations


You couldn't memorise any spells.
You didn't know any spells.

Dungeon Overview and Level Annotations

Branches:
Dungeon (4/15)
 Temple: D:4-7

Altars:


Innate Abilities, Weirdness & Mutations

You do not eat or drink.
Your flesh is vulnerable to fire.
Your flesh is cold resistant.
You are immune to negative energy.
Your system is resistant to poisons.
You are immune to unholy pain and torment.
You can survive without breathing.


Message History

You hit the hobgoblin but do no damage.
The hobgoblin hits you but does no damage.
You hit the hobgoblin.
You kill the hobgoblin!
Yredelemnul accepts your kill.
You hit the giant cockroach.
You kill the giant cockroach!
Yredelemnul accepts your kill.
You see here a club.
c - a club
There is a stone staircase leading up here.
Found 16 arrows.
You see here 16 arrows.
d - 16 arrows
There is a stone staircase leading down here.
You climb downwards.
Found a scroll labeled BOICSE SKIAL.
There is a stone staircase leading up here.
e - a scroll labeled BOICSE SKIAL
Found a robe.
You see here a robe.
f - a robe A worker ant comes into view.
The worker ant twitches its antennae in your direction.
Read which item? (? for menu, Esc to quit)
As you read the scroll labeled BOICSE SKIAL, it crumbles to dust.
You hear a loud clanging noise!
It was a scroll of noise.
You hit the worker ant but do no damage.
The worker ant barely misses you.
You hit the worker ant.
The worker ant is lightly wounded.
The worker ant bites you. x2
You hit the worker ant.
The worker ant is moderately wounded.
The worker ant bites you.
* * * LOW HITPOINT WARNING * * *
The worker ant bites you.
You die...
Yredelemnul claims you as an undead slave.

#.#######################
#........a@.............#
#..####################.#
#.....#.# #.###.#.# #.#
#.#.# #.###.#.# #.......#
#####.### #.#


You could see a worker ant.

Vanquished Creatures
  A giant cockroach (D:3)
  A hobgoblin (D:3)
2 creatures vanquished.

Notes
Turn   | Place    | Note
--------------------------------------------------------------
     0 | D:1      | glosham, the Mummy Death Knight, began the quest for the Orb.
     0 | D:1      | Reached XP level 1. HP: 16/16 MP: 1/1
   121 | D:4      | Noticed a worker ant
   129 | D:4      | Slain by a worker ant

Action                   || total
-------------------------++-------
Melee: Mace              ||     9
  Use: Scroll            ||     1

Table legend:
 A = Turns spent in this place as a percentage of turns spent in the entire game.
 B = Non-inter-level travel turns spent in this place as a percentage of non-inter-level travel turns spent in the entire game.
 C = Inter-level travel turns spent in this place as a percentage of turns spent in this place.
 D = Turns resting spent in this place as a percentage of non-inter-level travel turns spent in this place.
 E = Turns spent auto-exploring this place as a percentage of non-inter-level travel turns spent in this place.
 F = Non-inter-level travel turns spent in this place divided by the number of levels of this place that you've seen.
                   A       B       C       D       E      F
               +-------+-------+-------+-------+-------+----------------------
         Total | 100.0 | 100.0 |   0.0 |   0.0 |   0.0 |  23.0
       Dungeon | 100.0 | 100.0 |   0.0 |   0.0 |   0.0 |  23.0
               +-------+-------+-------+-------+-------+----------------------

Table legend:
 A = Kills in this place as a percentage of kills in entire the game.
 B = Kills by you in this place as a percentage of kills by you in the entire game.
 C = Kills by friends in this place as a percentage of kills by friends in the entire game.
 D = Other kills in this place as a percentage of other kills in the entire game.
 E = Experience gained in this place as a percentage of experience gained in the entire game.
 F = Experience gained in this place divided by the number of levels of this place that you have seen.
                   A       B       C       D       E      F
               +-------+-------+-------+-------+-------+----------------------
         Total | 100.0 | 100.0 |  -nan |  -nan | 100.0 |   1.0
       Dungeon | 100.0 | 100.0 |  -nan |  -nan | 100.0 |   1.0
               +-------+-------+-------+-------+-------+----------------------

Vault maps used:
D:1:      lightli_arrival_boilingwater
D:2:      first_bread, minmay_lizard_king
D:3:      kennysheep_the_goblin_king
D:4:      grunt_ministairs_7, uniq_duvessa
